 Dungeon Crawl Stone Soup version 0.22.1-1-ga44c0e56f4 (webtiles) character file.

1371 Ivernyr the Thaumaturge (level 8, -1/41 HPs)
             Began as a Deep Elf Wizard on Oct 19, 2018.
             Slain by a wight
             ... wielding a +2 mace of freezing
              (4 damage)
             ... on level 7 of the Dungeon.
             The game lasted 00:42:42 (6729 turns).

Ivernyr the Thaumaturge (Deep Elf Wizard)           Turns: 6729, Time: 00:42:48

Health: -1/41      AC:  4    Str:  4    XL:     8   Next: 38%
Magic:  12/22      EV: 14    Int: 26    God:
Gold:   372        SH:  0    Dex: 13    Spells: 14/23 levels left

rFire    . . .     SeeInvis +   y - +0 lajatang
rCold    . . .     Gourm    .   (shield currently unavailable)
rNeg     . . .     Faith    .   a - +0 robe
rPois    .         Spirit   .   k - +0 helmet
rElec    .         Reflect  .   f - +0 cloak
rCorr    .         Harm     .   (no gloves)
MR       .....                  (no boots)
Stlth    ++........             A - amulet of the acrobat
HPRegen  0.13/turn              u - +1 ring of slaying
MPRegen  0.18/turn              z - ring of see invisible

@: drained
A: no striking features
a: no special abilities


You were on level 7 of the Dungeon.
You were near starving.

You visited 1 branch of the dungeon, and saw 8 of its levels.

You collected 372 gold pieces.

Inventory:

Hand Weapons
 y - a +0 lajatang (weapon)
Armour
 a - a +0 robe (worn)
 f - a +0 cloak (worn)
 g - a +0 buckler
 k - a +0 helmet (worn)
 C - +0 fire dragon scales
Jewellery
 u - a +1 ring of slaying (left hand)
 w - a +3 ring of dexterity
 z - a ring of see invisible (right hand)
 A - an amulet of the acrobat (around neck)
Scrolls
 b - a scroll of enchant weapon
 i - 2 scrolls of remove curse
 m - a scroll of amnesia
 n - 3 scrolls of teleportation
 r - a scroll of identify
 t - a scroll of fear
 x - a scroll of noise
 B - a scroll of enchant armour
Potions
 c - 3 potions of lignification {unknown}
 e - 5 potions of curing {unknown}
 h - a potion of cancellation {unknown}
 j - 3 potions of brilliance {unknown}
 l - 2 potions of might {unknown}
 o - a potion of degeneration {unknown}
 p - 2 potions of heal wounds {unknown}
 q - a potion of mutation {unknown}
 s - a potion of agility {unknown}
 v - a potion of resistance {unknown}
Comestibles
 d - 11 rations


   Skills:
 - Level 5.5(4.5) Dodging
 - Level 2.4(1.5) Stealth
 + Level 2.2(1.3) Shields
 + Level 8.0(7.0) Spellcasting
 * Level 8.0(6.9) Conjurations
   Level 1.1(0.2) Summonings
 - Level 1.1(0.2) Translocations


You had 14 spell levels left.
You knew the following spells:

 Your Spells              Type           Power        Failure   Level  Hunger
a - Magic Dart            Conj           ####         1%          1    None
b - Blink                 Tloc           N/A          9%          2    None
c - Conjure Flame         Conj/Fire      ####....     4%          3    None
d - Mephitic Cloud        Conj/Pois/Air  ###.....     8%          3    None

Your spell library contained the following spells:

 Spells                   Type           Power        Failure   Level  Hunger
 Call Imp                 Summ           ##......     9%          2    None
 Slow                     Hex            #.......     10%         2    None


Dungeon Overview and Level Annotations

Branches:
Dungeon (8/15)
 Temple: D:4-7         Lair: D:8-11

Altars:
Ashenzari
Ru

Annotations:
D:5 3 runed doors, thefreepie's ghost, novice OgFE


Message History

Confirm with . or Enter, or press ? or * to list all spells.
Aiming: Magic Dart (safe; 1% risk of failure)
Press: ? - help, Shift-Dir - straight line, f - wight
Aim: a wight, wielding a long sword and wearing a robe (resting)
The magic dart hits the wight.
Casting: Magic Dart (safe; 1% risk of failure)
Confirm with . or Enter, or press ? or * to list all spells.
You blink.
Casting: Blink (safe; 7% risk of failure)
Confirm with . or Enter, or press ? or * to list all spells.
You blink.
Sorry, you're not good enough to have a special ability.
Casting: Blink (safe; 7% risk of failure)
Confirm with . or Enter, or press ? or * to list all spells.
You blink.
A gnoll and an orc come into view.
The wight hits you with a mace of freezing!
* * * LOW HITPOINT WARNING * * *
You feel drained.
You die...

#....# ##....# ##
#§....# o ###...<.#
≈## ##...)z..# ≈g#
# ##..##....# .≈# .
#..####)..###'####.
# #.##
##....|...... #.#
#..#@..# #####.#
..#z### ##.....#
....# ...#####
#####.## .###
####>.)..# .#
##....##### ##
##..#...## #
#..#...).## #
####.#.......#


You could see 2 wights, a gnoll and an orc (sleeping).

Vanquished Creatures
  An ice beast (D:6)
  An orc warrior (D:4)
  3 ogres
  A scorpion (D:5)
  3 wights (D:7)
  2 howler monkeys (D:6)
  5 crimson imps
  An orc priest (D:6)
  2 hounds (D:4)
  A bullfrog skeleton (D:4)
  A centaur skeleton (D:6)
  Jessica (D:2)
  2 iguanas
  2 orc wizards (D:4)
  2 worker ants (D:4)
  A hound zombie (D:5)
  8 adders
  A shadow imp (D:6)
  2 oozes
  2 worms (D:2)
  9 leopard geckos
  21 orcs
  8 bats
  4 giant cockroaches
  7 goblins
  4 hobgoblins
  3 jackals (D:2)
  4 quokkas
  2 ball pythons
  4 frilled lizards
  7 kobolds
  5 rats
120 creatures vanquished.

Notes
Turn   | Place    | Note
-------+----------+-------------------------------------------
     0 | D:1      | Ivernyr the Deep Elf Wizard began the quest for the Orb.
     0 | D:1      | Reached XP level 1. HP: 10/10 MP: 7/7
   399 | D:1      | Reached XP level 2. HP: 15/15 MP: 5/9
   403 | D:1      | Learned a level 2 spell: Blink
  1338 | D:2      | Reached XP level 3. HP: 19/19 MP: 8/11
  1422 | D:2      | Learned a level 3 spell: Conjure Flame
  1438 | D:2      | Learned a level 3 spell: Mephitic Cloud
  1587 | D:2      | Reached skill level 5 in Spellcasting
  1741 | D:2      | Reached XP level 4. HP: 24/24 MP: 8/13
  2074 | D:2      | Noticed Jessica
  2077 | D:2      | Killed Jessica
  3215 | D:3      | Reached XP level 5. HP: 28/28 MP: 11/14
  3288 | D:3      | Found a shattered altar of Ashenzari.
  3625 | D:4      | Noticed an ogre
  3690 | D:4      | Killed an ogre
  3690 | D:4      | Reached XP level 6. HP: 32/32 MP: 0/16
  4151 | D:4      | Reached skill level 5 in Conjurations
  4289 | D:4      | Noticed an orc warrior
  4304 | D:4      | Killed an orc warrior
  4476 | D:4      | Reached skill level 5 in Dodging
  4540 | D:4      | Reached XP level 7. HP: 36/36 MP: 15/18
  4854 | D:5      | Entered Level 5 of the Dungeon
  5066 | D:5      | Found a sacrificial altar of Ru.
  5167 | D:5      | Found a runed gate.
  5167 | D:5      | Found a runed gate.
  5167 | D:5      | Found a runed gate.
  5208 | D:5      | Noticed thefreepie's ghost (novice OgFE)
  5828 | D:6      | Reached skill level 1 in Shields
  5908 | D:6      | Reached XP level 8. HP: 23/41 MP: 7/21
  6502 | D:7      | You fall through a shaft!
  6729 | D:7      | Slain by a wight

Skill      XL: |  1  2  3  4  5  6  7  8 |
---------------+-------------------------+-----
Conjurations   | 2 3 4 5 7 8 |  8.0
Dodging        | 3 4 5 |  5.5
Spellcasting   | 5 6 7 8 |  8.0
Shields        | 1 2 |  2.2
Stealth        | |  2.4
Summonings     | |  1.1
Translocations | |  1.1

Action                   |  1- 3 |  4- 6 |  7- 9 || total
-------------------------+-------+-------+-------++-------
Melee: Spear             |    10 |    32 |       ||    42
       Lajatang          |       |    29 |    17 ||    46
 Cast: Magic Dart        |    85 |   107 |   130 ||   322
       Mephitic Cloud    |       |    13 |     3 ||    16
       Conjure Flame     |       |     4 |     4 ||     8
       Blink             |       |     1 |     4 ||     5
  Use: Scroll            |       |       |     7 ||     7
 Stab: Confused          |       |     4 |       ||     4
       Sleeping          |       |       |     1 ||     1
  Eat: Chunk             |     2 |     9 |     5 ||    16
Armor: Robe              |     6 |     4 |     1 ||    11
Dodge: Dodged            |    32 |    38 |    14 ||    84
